 Dungeon Crawl Stone Soup version 0.29-a0-323-g050149af67 (webtiles) character file.

Game seed: 372160128195665349

231 zishaf the Skirmisher (level 5, -4/46 HPs)
             Began as a Palentonga Abyssal Knight on Apr 11, 2022.
             Was a Priest of Lugonu.
             Slain by Edmund
             ... wielding a +2 flail of holy wrath
              (5 damage)
             ... on level 4 of the Dungeon.
             The game lasted 00:05:57 (3985 turns).

zishaf the Skirmisher (Palentonga Abyssal Knight)   Turns: 3985, Time: 00:05:58

Health: -4/46      AC: 12    Str: 18    XL:     5   Next: 72%
Magic:  7/7        EV:  9    Int: 17    God:    Lugonu [***...]
Gold:   176        SH:  0    Dex: 16    Spells: 4/4 levels left

rFire   . . .      SeeInvis +   a - +1 hand axe (protect)
rCold   . . .      Faith    .   (no shield)
rNeg    . . .      Spirit   .   q - +1 leather armour
rPois   .          Reflect  .   (no helmet)
rElec   .          Harm     .   (no cloak)
rCorr   .          Rampage  .   (no gloves)
Will    .....                   (no barding)
Stlth   +.........              (no amulet)
HPRegen 0.15/turn               k - +6 ring of dexterity
MPRegen 0.10/turn               s - +6 ring of intelligence

@: under a protective aura
A: large, rugged brown scales 3, see invisible, deformed body, roll 1, armoured
tail
a: Rolling Charge, Renounce Religion, Depart the Abyss, Bend Space, Banish


You were on level 4 of the Dungeon.
You worshipped Lugonu.
Lugonu was most pleased with you.
You visited 1 branch of the dungeon, and saw 4 of its levels.
You visited the Abyss 1 time.

You collected 176 gold pieces.

Inventory:

Hand Weapons
 a - a +1 hand axe of protection (weapon)
 b - a +0 hunting sling
Armour
 q - a +1 leather armour (worn)
Jewellery
 k - a +6 ring of dexterity (left hand)
 s - a +6 ring of intelligence (right hand)
Scrolls
 e - a scroll of vulnerability
 h - 2 scrolls of teleportation
Potions
 d - 2 potions of resistance
 g - 2 potions of flight
 j - 2 potions of magic
 m - a potion of invisibility
 o - a potion of cancellation
 p - 2 potions of heal wounds
 r - 2 potions of curing {unknown}


   Skills:
 + Level 4.3 Fighting
 + Level 3.7 Axes
 - Level 2.0 Armour
 - Level 1.0 Dodging
 + Level 3.9 Invocations


You had 4 spell levels left.
You didn't know any spells.
Your spell library contained the following spells:

 Spells                   Type           Power      Damage    Failure   Level
 Ozocubu's Armour         Ice            0%         N/A       63%         3
 Ozocubu's Refrigeration  Ice            0%         4d5       100%        7


Dungeon Overview and Level Annotations

Branches:
Dungeon (4/15)
 Temple: D:4-7

Altars:
Gozag

Shops:
D:1 [

Annotations:
D:4 Edmund


Innate Abilities, Weirdness & Mutations

You are completely covered in rugged brown scales. (AC +3, +7% HP)
You have supernaturally acute eyesight. (SInv)
Armour fits poorly on your strangely shaped body.
You can roll at nearby foes to attack.
You have a long armoured tail.


Message History

Edmund barely misses you.
You hit Edmund.
Edmund is lightly wounded.
Edmund hits you with a +2 flail of holy wrath.
You slash Edmund! You tail-slap Edmund.
Edmund is moderately wounded.
Edmund hits you with a +2 flail of holy wrath.
You hit Edmund but do no damage.
Edmund is moderately wounded.
Edmund hits you but does no damage.
You hit Edmund.
Edmund is heavily wounded.
Edmund hits you with a +2 flail of holy wrath!
You hit Edmund.
Your tail-slap misses Edmund.
Edmund is heavily wounded.
Edmund hits you with a +2 flail of holy wrath.
You barely miss Edmund.
Edmund is heavily wounded.
Edmund misses you.
You hit Edmund but do no damage.
Edmund is heavily wounded.
Edmund hits you with a +2 flail of holy wrath.
You closely miss Edmund.
Edmund is heavily wounded.
Edmund closely misses you.
Edmund hits you with a +2 flail of holy wrath.
You hit Edmund.
Edmund is severely wounded.
Edmund hits you with a +2 flail of holy wrath.
You hit Edmund. You tail-slap Edmund.
Edmund is severely wounded.
Edmund hits you but does no damage.
You hit Edmund.
Edmund is almost dead.
Edmund hits you with a +2 flail of holy wrath!
* * * LOW HITPOINT WARNING * * *
You hit Edmund.
Edmund is almost dead.
Edmund hits you with a +2 flail of holy wrath.
You die...

**,,,,,,,,,,<,,***************
****,,,.,.*####*...,,,,,,,,,,,,,,
,,,,,,,.#.,,.)#*#.#**************
***,,,,...**#.# #.#
***,*,*#.####.###.#
,.,,#,*#.#........#######
*#..#.*#.#..............#
,......#.#........###...#
,#......<......@@.).....###
,#..⌠...##..[....####.....#
,.......*#.......# ##.##.#####
*#.....#*#.......# #.........#
##.##.,...##.#### #..##.###.#
**#,*########.# #..##.###.##
,,,,>,,,,,,,..# #..##.##...#
***********#### #.....##...##
#..###.......


You could see Edmund.

Vanquished Creatures
  A hound (D:4)
  An orc priest (D:1)
  Jessica (D:3)
  Terence (D:2)
  An orc wizard (D:2)
  An adder (D:4)
  A shadow imp (D:3)
  A worm (D:3)
  6 dart slugs
  4 orcs
  3 endoplasms
  2 giant cockroaches
  8 hobgoblins
  7 jackals (D:1)
  A quokka (D:3)
  3 ball pythons
  2 bats
  A frilled lizard (D:1)
  5 goblins
  5 kobolds
  9 rats
64 creatures vanquished.

Notes
Turn   | Place    | Note
-------+----------+-------------------------------------------
     0 | Abyss:1  | zishaf the Palentonga Abyssal Knight began the quest for
                  | the Orb.
     0 | Abyss:1  | Reached XP level 1. HP: 19/19 MP: 2/2
    16 | D:1      | Escaped the Abyss
   354 | D:1      | Reached skill level 1 in Dodging
   429 | D:1      | Reached XP level 2. HP: 23/25 MP: 3/3
   879 | D:1      | Reached XP level 3. HP: 31/31 MP: 4/4
  1020 | D:1      | Found Ceqorias's Antique Armour Boutique.
  1158 | D:2      | Found an opulent altar of Gozag.
  1402 | D:2      | Reached XP level 4. HP: 31/39 MP: 6/6
  1681 | D:2      | Found a faded altar of an unknown god.
  1682 | D:2      | Reached *** piety under Lugonu
  2373 | D:3      | Noticed Terence
  2395 | D:2      | Killed Terence
  2396 | D:2      | Reached XP level 5. HP: 25/44 MP: 7/7
  2554 | D:3      | Reached skill level 4 in Fighting
  2777 | D:3      | Noticed Jessica
  2780 | D:3      | Killed Jessica
  3724 | D:4      | Noticed Edmund
  3984 | D:4      | HP: 1/46 [Edmund/+2 flail of holy wrath (13)]
  3985 | D:4      | Slain by Edmund

Illustrated notes

Levels and vault maps discovered:
D:1:      dpeg_arrival_rooms_c, layout_basic, serial_shops, nicolae_square_shop
D:2:      layout_basic, shapermc_ecumenical_altar_venn, basic_altar
D:3:      layout_loops_ring, minmay_misc_feat_rugged, uniq_terence, uniq_jessica
D:4:      layout_loops_ring, serial_park_tiny_pond, solitary_fountain,
          chequers_serial_rivers_micro_a, uniq_edmund, uniq_crazy_yiuf_cottage

Skill      XL: |  1  2  3  4  5 |
---------------+----------------+-----
Dodging        | 1 |  1.0
Armour         | 2 |  2.0
Axes           | 3 |  3.7
Invocations    | 3 |  3.9
Fighting       | 4 |  4.3

Action                   |  1- 3 |  4- 6 || total
-------------------------+-------+-------++-------
Melee: Hand axe          |    78 |   106 ||   184
       Tailslap          |    12 |    12 ||    24
       Punch             |     1 |     1 ||     2
 Abil: Rolling Charge    |     5 |     7 ||    12
  Use: Scroll            |       |    14 ||    14
 Stab: Distracted        |     1 |       ||     1
       Sleeping          |       |     1 ||     1
Armor: Leather armour    |    21 |    29 ||    50
Dodge: Dodged            |    34 |    34 ||    68

Table legend: (Time is in decaauts)
 A = Elapsed time spent in this place.
 B = Non-inter-level travel time spent in this place.
 C = Inter-level travel time spent in this place.
 D = Time resting spent in this place.
 E = Time spent auto-exploring this place.
 F = Levels seen in this place.
 G = Mean time per level.
                   A        B        C        D        E       F      G
               +--------+--------+--------+--------+--------+-----+--------+
         Total |   4017 |   3929 |     88 |    738 |   2604 |   5 |  803.4 |
       Dungeon |   4001 |   3913 |     88 |    738 |   2604 |   4 | 1000.2 |
         Abyss |     16 |     16 |      0 |      0 |      0 |   1 |   16.0 |
               +--------+--------+--------+--------+--------+-----+--------+

Top non-repeatable levels by time:
     D:1: 1347 daAuts
     D:3: 1314 daAuts
     D:2: 1129 daAuts
     D:4: 210 daAuts
 Abyss:1: 16 daAuts
